 Dungeon Crawl Stone Soup version 0.28.0-53-g5a82cb258f (webtiles) character file.

Game seed: 10302008403107741901

129 Sin92 the Skirmisher (level 4, -3/35 HPs)
             Began as a Demonspawn Fighter on June 7, 2022.
             Slain by a gnoll
             ... wielding a +0 halberd
              (11 damage)
             ... on level 3 of the Dungeon.
             The game lasted 00:01:48 (2357 turns).

Sin92 the Skirmisher (Demonspawn Fighter)           Turns: 2357, Time: 00:01:48

Health: -3/35      AC:  8    Str: 19    XL:     4   Next: 88%
Magic:  4/4        EV:  9    Int:  9    God:
Gold:   32         SH:  4    Dex: 12    Spells: 3/3 levels left

rFire   . . .      SeeInvis .   a - +0 war axe
rCold   . . .      Faith    .   c - +0 buckler
rNeg    . . .      Spirit   .   b - +0 scale mail
rPois   .          Reflect  .   (helmet restricted)
rElec   .          Harm     .   (no cloak)
rCorr   .          Rampage  .   (no gloves)
Will    .....                   i - +0 pair of boots
Stlth   ..........              (no amulet)
HPRegen 0.11/turn               (no ring)
MPRegen 0.09/turn               (no ring)

@: no status effects
A: antennae 1, hooves 2
a: no special abilities


You were on level 3 of the Dungeon.
You visited 1 branch of the dungeon, and saw 4 of its levels.

You collected 32 gold pieces.

Inventory:

Hand Weapons
 a - a +0 war axe (weapon)
Armour
 b - a +0 scale mail (worn)
 c - a +0 buckler (worn)
 i - a +0 pair of boots (worn)
Scrolls
 d - a scroll of holy word {unknown}
 e - a scroll of identify {unknown}
 g - 4 scrolls of teleportation {unknown}
 h - a scroll of blinking {unknown}
 j - a scroll of noise {unknown}
Potions
 f - 2 potions of flight {unknown}
 k - a potion of resistance {unknown}


   Skills:
 + Level 3.5 Fighting
 * Level 3.0 Axes
 + Level 3.2 Armour
 + Level 1.3 Dodging
 + Level 3.2 Shields


You had 3 spell levels left.
You didn't know any spells.
Your spell library was empty.

Dungeon Overview and Level Annotations

Branches:
Dungeon (4/15)
 Temple: D:4-7

Altars:


Innate Abilities, Weirdness & Mutations

You have a pair of small antennae on your head.
You have hoof-like feet.


Message History

A gnoll is nearby!
You are too injured to fight recklessly!
Unknown command.
A gnoll is nearby!
You are too injured to fight recklessly!
Unknown command.
A gnoll is nearby!
You are too injured to fight recklessly!
Unknown command.
A gnoll is nearby!
You are too injured to fight recklessly!
The gnoll barely misses you.
You hit the gnoll.
The gnoll is severely wounded.
The gnoll hits you but does no damage.
You hit the gnoll.
You kill the gnoll!
Your Axes skill increases to level 3!
Things that are here:
a +0 whip; a gnoll corpse A gnoll comes into view.
It is wielding a +0 club.
The gnoll shouts!
You hear a shout!
You hit the gnoll.
The gnoll is heavily wounded.
The gnoll barely misses you. You block the gnoll's attack.
You hit the gnoll but do no damage.
The gnoll is heavily wounded.
A gnoll comes into view. It is wielding a +0 halberd.
The gnoll completely misses you.
You hit the gnoll.
The gnoll is almost dead.
The gnoll hits you from afar with a +0 halberd!
* * * LOW HITPOINT WARNING * * *
The gnoll hits you but does no damage. You block the gnoll's attack.
Unknown command.
You slash the gnoll!
You kill the gnoll!
The gnoll misses you. The gnoll hits you with a +0 halberd!
You die...

... .. #. #. ###### #.
#.g..+ #. ### #@### #. #.#
#.).# #. #.#########.# #.
#......†..#.# #.
#.#######.#.# #.
#.#...#<#.#.#############.
#.#.#.#.#............##...
#.#.#.#.#............+....
#.#.#.#.#...÷........##...


You could see a gnoll.

Vanquished Creatures
  Terence (D:2)
  2 gnolls (D:3)
  3 adders
  A worm (D:2)
  A dart slug (D:1)
  3 endoplasms (D:1)
  2 giant cockroaches
  8 hobgoblins
  3 jackals (D:2)
  A quokka (D:1)
  6 ball pythons
  5 bats
  3 frilled lizards
  7 goblins
  2 kobolds (D:1)
  A quokka skeleton (D:2)
  4 rats
53 creatures vanquished.

Notes
Turn   | Place    | Note
-------+----------+-------------------------------------------
     0 | D:1      | Sin92 the Demonspawn Fighter began the quest for the Orb.
     0 | D:1      | Reached XP level 1. HP: 18/18 MP: 1/1
   340 | D:1      | Discovered your monstrous ancestry.
   340 | D:1      | Gained mutation: You have large cloven feet. [demonic
                  | ancestry]
   340 | D:1      | Reached XP level 2. HP: 20/24 MP: 2/2
   431 | D:1      | Found a faded altar of an unknown god.
  1300 | D:2      | Gained mutation: You have hoof-like feet. [demonic
                  | ancestry]
  1300 | D:2      | Reached XP level 3. HP: 29/29 MP: 3/3
  1618 | D:2      | Reached skill level 1 in Dodging
  1654 | D:2      | Noticed Terence
  1664 | D:2      | Killed Terence
  1665 | D:2      | Gained mutation: You have a pair of small antennae on your
                  | head. [demonic ancestry]
  1665 | D:2      | Reached XP level 4. HP: 10/35 MP: 4/4
  2357 | D:3      | Slain by a gnoll

Illustrated notes

Levels and vault maps discovered:
D:1:      kennysheep_arrival_forest, layout_loops_ring,
          ebering_ecumenical_altar_petrified, nrook_campfire,
          serial_park_tiny_2, chequers_serial_rivers_small_a, st_stairs_1
D:2:      layout_rooms, uniq_terence
D:3:      layout_basic, kennysheep_jessica_study
D:4:      layout_loops_ring, corexii_hall_statues_deadend

Skill      XL: |  1  2  3  4 |
---------------+-------------+-----
Axes           | 2 3 |  3.0
Armour         | 3 |  3.2
Shields        | 3 |  3.2
Dodging        | 1 |  1.3
Fighting       | |  3.5

Action                   |  1- 3 |  4- 6 || total
-------------------------+-------+-------++-------
Melee: War axe           |   105 |    45 ||   150
       Kick              |     5 |       ||     5
  Use: Potion            |     1 |       ||     1
Armor: Scale mail        |    42 |    35 ||    77
Dodge: Dodged            |    52 |    26 ||    78
Block: Buckler           |    26 |    14 ||    40
